Map: Vaani Research Station (Void)

Players

dotEXE - Winner!

  • Race: Zerg Zerg
  • League: Platinum
  • Spawn Location: 6:00

Fropez

  • Race: Protoss Protoss
  • League: Gold
  • Spawn Location: 12:00

VOD

Have the link to the VOD?

Description

Time

  • Played on: Jan. 6, 2017, 4:41 p.m.
  • Length: 18:44
Show
View Real Time Build Order
Export as new Build Order

dotEXE Zerg - Winner!

Build Orders: Pool First 

Get SALT Encoding   

  12  0:02  Drone  
  13  0:09  Drone  
  14  0:18  Overlord  
  14  0:37  Drone x2  
  14  0:39  Drone  
  17  0:48  Drone  
  18  1:06  Drone  
  18  1:09  Spawning Pool  
  18  1:11  Extractor  
  18  1:13  Drone  
  18  1:22  Drone  
  19  1:38  Drone  
  20  1:49  Drone  
  20  1:50  Extractor  
  21  1:55  Hatchery  
  21  1:59  Zergling x2  
  21  2:03  Overlord  
  21  2:10  Metabolic Boost  
  21  2:14  Zergling x2  
  22  2:21  Queen  
  24  2:25  Zergling x2  
  25  2:35  Zergling x2  
  26  2:39  Hatchery  
  25  2:46  Zergling x2  
  26  2:57  Zergling x2  
  26  3:14  Zergling x4  
  28  3:20  Queen  
  28  3:21  Drone  
  28  3:25  Zergling x2  
  30  3:28  Zergling x2  
  31  3:36  Spine Crawler  
  31  3:38  Zergling x2  
  31  3:40  Drone  
  31  3:54  Zergling x2  
  31  3:55  Zergling x4  
  31  4:04  Spine Crawler  
  31  4:08  Drone  
  29  4:21  Spine Crawler  
  28  4:24  Zergling x2, Hatchery  
  28  4:25  Zergling x4  
  30  4:38  Queen  
  29  4:44  Drone x4  
  33  4:51  Evolution Chamber  
  33  4:52  Drone  
  34  4:56  Drone  
  34  4:57  Overlord  
  35  5:03  Baneling Nest  
  34  5:19  Drone x4  
  34  5:33  Drone x4  
  37  5:47  Zergling x6  
  37  5:48  Baneling  
  37  5:49  Baneling x2  
  40  5:53  Zergling x2  
  40  5:54  Zergling x2  
  42  6:00  Zergling x2  
  42  6:03  Overlord x2  
  42  6:04  Overlord  
  43  6:09  Zergling x2, Hatchery  
  43  6:21  Overlord x3  
  43  6:23  Baneling x2  
  41  6:37  Zergling x14  
  41  6:38  Zergling x6  
  47  6:47  Zergling x2  
  47  6:48  Zergling x2  
  49  7:03  Drone x2  
  49  7:04  Drone x2  
  54  7:08  Drone  
  54  7:14  Lair  
  54  7:16  Baneling x7  
  54  7:17  Baneling x2  
  54  7:26  Drone x7  
  54  7:27  Queen  
  54  7:28  Drone  
  54  7:29  Drone x2  
  58  7:58  Drone  
  58  7:59  Drone x12  
  71  8:06  Baneling x2  
  71  8:09  Drone  
  71  8:24  Drone  
  71  8:25  Drone x4  
  72  8:40  Baneling x2  
  72  8:41  Drone x5  
  77  9:01  Queen  
  77  9:02  Queen  
  77  9:09  Hatchery  
  74  9:12  Hatchery  
  74  9:15  Hatchery  
  74  9:16  Spine Crawler, Spore Crawler  
  67  9:18  Spine Crawler  
  67  9:20  Zergling x2  
  67  9:21  Zergling x12  
  73  9:30  Overseer x2  
  73  9:35  Hatchery  
  73  9:36  Hatchery  
  73  9:38  Hatchery  
  70  9:42  Hatchery  
  69  9:53  Zergling x2  
  69  9:54  Zergling x20  
  80  10:17  Spire  
  79  10:24  Hatchery  
  76  10:36  Zergling x18  
  76  10:37  Zergling x8  
  76  10:39  Baneling x9  
  76  10:40  Baneling x10  
  84  10:48  Spore Crawler  
  84  10:49  Spine Crawler  
  82  10:51  Spine Crawler  
  65  11:20  Drone x7  
  65  11:21  Drone x14  
  86  11:26  Queen  
  86  11:28  Queen  
  86  11:29  Drone  
  86  11:30  Drone x2  
  90  11:43  Drone x2  
  90  11:44  Spine Crawler  
  90  11:45  Spine Crawler  
  90  11:46  Spine Crawler  
  82  11:55  Spine Crawler, Zergling x14  
  82  11:56  Zergling x16  
  82  11:57  Spore Crawler  
  82  11:59  Spine Crawler  
  90  12:13  Spore Crawler  
  90  12:14  Spine Crawler  
  86  12:37  Baneling  
  86  12:38  Baneling x9  
  86  12:45  Hatchery  
  85  12:53  Hatchery  
  79  13:02  Hatchery  
  79  13:03  Hatchery  
  79  13:04  Hatchery  
  56  13:10  Drone  
  56  13:11  Drone x2  
  59  13:17  Extractor  
  59  13:19  Extractor x2  
  56  13:21  Extractor x2  
  56  13:23  Extractor  
  56  13:24  Extractor  
  50  14:05  Spine Crawler  
  49  14:14  Extractor  
  49  14:16  Extractor, Mutalisk  
  47  14:17  Mutalisk x5  
  47  14:19  Mutalisk  
  47  14:21  Zergling x2  
  47  14:22  Zergling x42  
  83  14:32  Spine Crawler  
  83  14:33  Spine Crawler  
  83  14:36  Spine Crawler  
  83  14:37  Spine Crawler  
  79  14:43  Drone  
  79  14:44  Drone x18  
  79  14:45  Drone x4  
  100  15:12  Mutalisk x6  
  110  15:15  Mutalisk  
  112  15:25  Mutalisk  
  112  15:26  Mutalisk  
  95  15:48  Mutalisk  
  95  15:49  Mutalisk x4  
  104  15:57  Extractor  
  104  16:00  Extractor  
  104  16:01  Mutalisk  
  104  16:03  Drone x9  
  113  16:22  Zerg Flyer Weapons Level 1  
  113  16:32  Overlord x4  
  113  16:33  Overlord  
  113  16:38  Spine Crawler  
  113  16:39  Spine Crawler  
  111  16:40  Spine Crawler  
  111  16:41  Spine Crawler  
  111  16:42  Spore Crawler  
  108  16:55  Drone x10  
  108  16:56  Drone  
  117  17:13  Zergling x2  
  117  17:14  Zergling x14, Drone x2  
  117  17:15  Drone x2  
  122  17:39  Mutalisk  
  122  17:40  Mutalisk x7  
  121  18:08  Overseer  
Show
View Real Time Build Order
Export as new Build Order

Fropez Protoss 

Build Orders: 1 Gate Expand 

Get SALT Encoding   

  12  0:00  Probe (Chrono Boost)  
  13  0:11  Probe (Chrono Boost)  
  14  0:26  Pylon  
  14  0:27  Probe (Chrono Boost)  
  15  0:42  Assimilator  
  15  0:44  Probe (Chrono Boost)  
  15  0:46  Gateway  
  16  0:55  Probe (Chrono Boost)  
  17  1:15  Nexus  
  17  1:20  Assimilator  
  17  1:22  Probe (Chrono Boost)  
  18  1:34  Cybernetics Core  
  18  1:42  Pylon  
  18  1:58  Probe (Chrono Boost)  
  18  1:59  Assimilator  
  19  2:03  Pylon  
  20  2:08  Probe (Chrono Boost)  
  19  2:23  Zealot  
  19  2:29  Mothership Core (Chrono Boost)  
  23  2:45  Forge  
  23  2:47  Assimilator  
  23  2:48  Probe (Chrono Boost)  
  24  2:57  Adept, Warp Gate  
  26  3:06  Pylon  
  26  3:28  Photon Cannon  
  26  3:34  Adept  
  26  4:01  Photon Cannon  
  24  4:05  Pylon  
  20  4:18  Probe (Chrono Boost)  
  20  4:19  Probe (Chrono Boost)  
  22  4:29  Mothership Core (Chrono Boost)  
  21  4:44  Probe (Chrono Boost)  
  20  4:52  Probe (Chrono Boost)  
  21  5:01  Pylon  
  21  5:18  Gateway  
  21  5:25  Adept  
  23  5:38  Assimilator  
  23  5:40  Probe x2 (Chrono Boost)  
  25  5:51  Probe (Chrono Boost)  
  25  5:52  Probe (Chrono Boost)  
  27  6:01  Probe (Chrono Boost)  
  28  6:06  Twilight Council  
  28  6:10  Probe (Chrono Boost)  
  29  6:14  Protoss Ground Weapons Level 1  
  29  6:23  Robotics Facility  
  29  6:26  Adept  
  31  6:40  Cybernetics Core  
  31  6:46  Gateway  
  31  6:50  Resonating Glaives  
  31  6:51  Pylon  
  31  7:06  Pylon  
  31  7:13  Dark Shrine  
  31  7:14  Probe (Chrono Boost)  
  31  7:15  Probe (Chrono Boost)  
  33  7:21  Warp Prism  
  33  7:29  Probe (Chrono Boost)  
  36  7:43  Adept x2  
  30  8:11  Adept x2  
  34  8:27  Probe (Chrono Boost)  
  35  8:36  Pylon  
  35  8:41  Pylon  
  35  8:45  Dark Templar  
  37  9:02  Dark Templar  
  39  9:09  Probe (Chrono Boost)  
  41  9:11  Probe (Chrono Boost)  
  41  9:36  Adept x3  
  48  9:38  Observer  
  48  9:39  Probe (Chrono Boost)  
  48  9:41  Probe (Chrono Boost)  
  50  9:57  Adept x3  
  56  10:27  Forge  
  56  10:29  Pylon  
  56  10:46  Dark Templar x3  
  62  10:50  Probe (Chrono Boost)  
  62  10:55  Probe (Chrono Boost)  
  44  11:22  Archon  
  44  11:26  Dark Templar  
  44  11:31  Archon  
  42  12:02  Dark Templar  
  42  12:03  Dark Templar x2  
  48  12:28  Probe (Chrono Boost)  
  50  12:30  Probe (Chrono Boost)  
  46  12:39  Probe (Chrono Boost)  
  46  12:42  Probe (Chrono Boost)  
  46  12:43  Dark Templar x3  
  54  12:49  Probe (Chrono Boost)  
  55  12:54  Probe (Chrono Boost)  
  56  13:00  Probe (Chrono Boost)  
  58  13:06  Probe (Chrono Boost)  
  58  13:11  Pylon x2  
  58  13:15  Photon Cannon  
  58  13:16  Photon Cannon, Protoss Ground Weapons Level 2  
  58  13:28  Dark Templar x2  
  58  13:32  Probe (Chrono Boost)  
  64  13:34  Probe (Chrono Boost)  
  64  13:43  Probe (Chrono Boost)  
  64  13:46  Probe (Chrono Boost)  
  66  13:54  Dark Templar  
  66  14:08  Gateway  
  66  14:11  Gateway  
  66  14:13  Pylon  
  66  14:16  Zealot x2  
  70  14:25  Immortal  
  70  14:28  Pylon  
  68  15:00  Dark Templar x3  
  72  15:35  Dark Templar x2  
  76  15:36  Dark Templar  
  78  15:57  Pylon  
  78  16:01  Gateway  
  78  16:02  Probe (Chrono Boost)  
  78  16:03  Pylon, Probe (Chrono Boost)  
  80  16:12  Probe (Chrono Boost)  
  80  16:16  Probe (Chrono Boost)  
  82  16:34  Photon Cannon  
  82  16:45  Gateway  
  82  16:46  Gateway  
  82  16:49  Pylon  
  82  16:57  Forge  
  82  17:04  Dark Templar x4  
  88  17:08  Archon x2  
  88  17:09  Archon  
  76  17:24  Stalker  
  69  17:38  Stalker x2  
  71  17:46  Pylon  
  61  18:01  Pylon  
  61  18:04  Pylon  
  61  18:05  Nexus  
  30  18:10  Pylon  
  25  18:31  Nexus  
Tags
 
Add a new tag
Caveats
  • Supply blocks, unpowered buildings, or Contaminate may cause inaccurate times.
  • Supply counts are checked every 10 seconds.